 Dungeon Crawl Stone Soup version 0.29.0-10-g45618ea6d2 (webtiles) character file.

Game seed: 15468904946605584656

129078 Sobieck the Unseen (level 17, -3/103 HPs)
             Began as a Kobold Earth Elementalist on Aug 31, 2022.
             Was a High Priest of Wu Jian.
             Slain by a guardian serpent (15 damage)
             ... on level 3 of the Snake Pit on Sept 1, 2022.
             The game lasted 02:50:59 (47295 turns).

Sobieck the Unseen (Kobold Earth Elementalist)     Turns: 47295, Time: 02:51:00

Health: -3/103     AC: 16    Str:  8    XL:     17   Next: 60%
Magic:  41/41      EV: 13    Int: 22    God:    Wu Jian [*****.]
Gold:   319        SH:  0    Dex: 15    Spells: 16/38 levels left

rFire   . . .      SeeInvis +   a - +8 Vampire's Tooth {vamp}
rCold   . . .      Faith    .   (no shield)
rNeg    . . .      Spirit   .   w - +0 troll leather armour
rPois   .          Reflect  .   P - +2 helmet {SInv}
rElec   .          Harm     .   n - +2 cloak
rCorr   .          Rampage  .   (no gloves)
Will    +....                   U - +1 pair of boots {Fly}
Stlth   ++++++++..              V - amulet of the acrobat
HPRegen 1.07/turn               W - +4 ring of protection
MPRegen 0.27/turn               K - ring of magical power

@: forested, flying, slowed, constricted, very slow
A: small, no large weapons, nightstalker 3
a: Renounce Religion, Wall Jump, Serpent's Lash, Heavenly Storm


You were on level 3 of the Snake Pit.
You worshipped Wu Jian.
Wu Jian was extremely pleased with you.
You visited 5 branches of the dungeon, and saw 26 of its levels.

You collected 2919 gold pieces.
You spent 2600 gold pieces at shops.


Innate Abilities, Weirdness & Mutations

You are small and have problems with some larger weapons.
You are completely attuned to the shadows.


   Skills:
 + Level 10.5 Fighting
 - Level 8.0 Short Blades
 - Level 6.0 Dodging
 - Level 18.0 Stealth
 - Level 11.0 Spellcasting
 - Level 9.0 Conjurations
 + Level 2.9 Hexes
 * Level 8.8 Summonings
 + Level 3.0 Translocations
 - Level 12.0 Transmutations
 - Level 13.0 Earth Magic
 - Level 9.0 Evocations


You had 16 spell levels left.
You knew the following spells:

 Your Spells              Type           Power      Damage    Failure   Level
a - Summon Guardian Gole  Hex/Summ       37%        N/A       2%          3
b - Passwall              Tmut/Erth      50%        N/A       1%          2
c - Stone Arrow           Conj/Erth      100%       3d13      1%          3
d - Petrify               Tmut/Erth      61%        N/A       1%          4
e - Irradiate             Conj/Tmut      27%        3d20      3%          5
f - Summon Forest         Summ/Tloc      19%        N/A       21%         5

Your spell library contained the following spells:

 Spells                   Type           Power      Damage    Failure   Level
 Sandblast                Erth           100%       2d20      1%          1
 Sting                    Tmut/Pois      100%       1d8       1%          1
 Blade Hands              Tmut           30%        N/A       1%          5
 Blink                    Tloc           50%        N/A       3%          2
 Gell's Gravitas          Tloc           25%        N/A       7%          3
 Lesser Beckoning         Tloc           25%        N/A       7%          3
 Teleport Other           Tloc           25%        N/A       7%          3
 Tukima's Dance           Hex            25%        N/A       7%          3
 Yara's Violent Unravell  Hex/Tmut       22%        3d10      11%         5
 Poisonous Vapours        Pois/Air       24%        N/A       12%         2
 Scorch                   Fire           24%        2d6       12%         2
 Flame Wave               Conj/Fire      31%        2d9       12%         4
 Summon Mana Viper        Hex/Summ       37%        N/A       21%         5
 Passage of Golubria      Tloc           25%        N/A       22%         4
 Ozocubu's Armour         Ice            12%        N/A       24%         3
 Summon Cactus Giant      Summ           25%        N/A       32%         6
 Dragon Form              Tmut           30%        N/A       43%         7
 Manifold Assault         Tloc           25%        N/A       54%         5
 Olgreb's Toxic Radiance  Pois           12%        N/A       61%         4
 Orb of Destruction       Conj           25%        9d9       86%         7
 Spellforged Servitor     Conj/Summ      25%        N/A       87%         7
 Malign Gateway           Summ/Tloc      19%        N/A       99%         7
 Ozocubu's Refrigeration  Ice            6%         4d8       100%        7
 Summon Horrible Things   Summ           25%        N/A       100%        8

Inventory:

Hand Weapons
 a - the +8 Vampire's Tooth (weapon) {vamp}
   (You bought it in a shop on level 3 of the Dungeon)

   It occasionally heals its wielder for the full amount of damage dealt when it
   wounds a living foe.
 b - a +4 dagger of freezing {short}
   (You took it off a wight on level 8 of the Dungeon)
 d - a +0 vampiric spear {polearm}
   (You took it off a gnoll on level 9 of the Dungeon)
 e - a +0 whip {mace}
   (You took it off a kobold on level 1 of the Dungeon)
 s - the +4 spear of the Mashing Mosquito {venom, Int+7, polearm}
   (You found it on level 9 of the Dungeon)

   It poisons the flesh of those it strikes.
   Int:       It affects your intelligence (+7).
 x - a +0 rapier {short}
   (You found it on level 9 of the Dungeon)
Missiles
 g - 2 throwing nets {=f!fthrowing}
 h - 4 atropa-tipped darts {throwing}
 q - 210 stones {throwing}
 t - 36 poisoned darts {throwing}
 v - a silver boomerang {throwing}
 Y - 20 boomerangs {throwing}
Armour
 k - the +5 scale mail "Feurhiq" {rPois}
   (You bought it in a shop on level 8 of the Dungeon)

   rPois:     It protects you from poison.
 n - a +2 cloak (worn)
   (You found it on level 2 of the Dungeon)
 w - a +0 troll leather armour (worn)
   (You found it on level 10 of the Dungeon)
 C - a +0 robe of the Archmagi
   (You took it off Jorgrun on level 1 of the Snake Pit)
 P - a +2 helmet of see invisible (worn)
   (You found it on level 5 of the Lair of Beasts)
 U - a +1 pair of boots of flying (worn)
   (You bought it in a shop on level 2 of the Orcish Mines)
Jewellery
 m - a ring of positive energy
   (You found it on level 2 of the Dungeon)
 r - a ring of flight
   (You found it on level 2 of the Dungeon)
 K - a ring of magical power (right hand)
   (You found it on level 3 of the Lair of Beasts)
 V - an amulet of the acrobat (around neck)
   (You took it off an orc priest on level 7 of the Dungeon)
 W - a +4 ring of protection (left hand)
   (You found it on level 7 of the Dungeon)
 X - an amulet of faith {!P}
   (You found it on level 6 of the Dungeon)
Wands
 f - a wand of digging (14)
   (You found it on level 14 of the Dungeon)
 D - a wand of flame (27)
   (You found it on level 1 of the Lair of Beasts)
 E - a wand of polymorph (22)
   (You found it on level 8 of the Dungeon)
 J - a wand of iceblast (27)
   (You found it on level 2 of the Lair of Beasts)
 Z - a wand of acid (5)
   (You found it on level 15 of the Dungeon)
Scrolls
 l - 3 scrolls of magic mapping {!r}
 z - a scroll of vulnerability {!r!r}
 F - a scroll of noise {!r}
 H - 5 scrolls of enchant weapon
 I - 2 scrolls of torment {!r}
 O - a scroll of fear
 R - 8 scrolls of teleportation {@r4}
 S - 4 scrolls of poison {!r}
 T - 3 scrolls of identify {@r1}
Potions
 c - a potion of invisibility
 i - 9 potions of curing {@q1}
 j - 6 potions of attraction {!q}
 o - 2 potions of berserk rage {!q}
 p - 4 potions of brilliance
 u - 4 potions of cancellation
 A - 3 potions of flight
 B - a potion of might
 G - 8 potions of ambrosia
 L - 4 potions of lignification {!q}
 Q - 7 potions of mutation {!q}
Miscellaneous
 y - a lightning rod (4/4)
   (You found it on level 1 of the Lair of Beasts)
 M - a tin of tremorstones (2/2) {throwing}
   (You found it on level 1 of the Snake Pit)
 N - a condenser vane
   (You found it on level 4 of the Lair of Beasts)

Dungeon Overview and Level Annotations

Branches:
Dungeon (15/15) Zot: 25033  Temple (1/1) D:5 Zot: 5875    Lair (5/5) D:11 Zot: 17600
  Swamp (0/4) Lair:3        Snake (3/4) Lair:3 Zot: 14401   Slime (0/5) Lair:4
    Orc (2/2) D:10 Zot: 7003     Elf (0/3) Orc:2        Vaults (0/5) D:13
 Depths (0/4) D:15

Altars:
Cheibriados
Dithmenos
Elyvilon
Fedhas
Gozag
Hepliaklqana
Kikubaaqudgha
Makhleb
Nemelex Xobeh
Okawaru
Ru
Sif Muna
Trog
Uskayaw
Vehumet
Wu Jian
Xom
Yredelemnul
Zin
The Shining One
Lugonu

Shops:
D:3 (   D:4 :   D:7 ?   D:8 [   D:9 *   D:12 !   Orc:1 :   Orc:2 :(*[[
Snake:1 :

Portals:
Abyss: Lair:5
Trove: D:13 (give +3 shadow dragon scales)

Annotations:
D:3 5 runed translucent doors, benadryl's ghost, amateur DsEE
D:4 1 runed translucent door, Crazy Yiuf
D:6 exclusion: ice beast
D:13 exclusion: downstairs
Lair:4 1 runed translucent door
Snake:1 Rupert
Snake:2 exclusion: 2 hell hounds
Orc:1 Orc Warlord

...... ...... ......
.....................
.<...................
S....................
N..........N.....N...
............N.§S@....
.................N...
........†..N.........
...).................
.....................
.............
..........


You could see a naga warrior, a guardian serpent and 2 nagas.


Message History

The Council accepts your kill.
Your Translocations skill increases to level 3!
Unknown command.
Unknown command.
Unknown command.
Casting: Stone Arrow (safe; 1% risk of failure)
Confirm with . or Enter, or press ? or * to list all spells.
Okay, then.
Unknown command.
The naga shouts!
The guardian serpent shouts!
You hear a shout!
You hear an angry hiss.
The guardian serpent casts a spell at you.
The bolt of poison misses you.
Danger!
Casting: Stone Arrow (safe; 1% risk of failure)
Confirm with . or Enter, or press ? or * to list all spells.
A forested plane collides here with a resounding crunch!
Your dryad calls out to the forest.
You hear a shout!
The guardian serpent coils itself and waves its upper body at you.
The bolt of poison hits you!
You are poisoned.
You feel very sick.
The guardian serpent closely misses your dryad.
Your dryad hits the guardian serpent.
You feel very sick. The guardian serpent hits your dryad!
Your dryad hits the guardian serpent but does no damage.
You feel sick.
The guardian serpent casts a spell at you.
You feel yourself slow down.
Your dryad barely misses the guardian serpent.
You feel very sick.
There is a stone staircase leading down here.
You feel sick.
A naga comes into view. It is wielding a +0 short sword.
You feel sick.
The guardian serpent casts a spell at you.
The bolt of poison hits you!
You are more poisoned.
The guardian serpent attacks as you move away!
The guardian serpent completely misses you.
You feel very sick.
The guardian serpent completely misses you.
You feel very sick.
The guardian serpent coils itself and waves its upper body at you.
The naga blinks into view! x2
There is a stone staircase leading up here.
Unknown command.
You feel very sick. The guardian serpent barely misses you.
The guardian serpent hits you!
Your dryad closely misses the guardian serpent.
The naga hits you with a +0 short sword!
* * * LOW HITPOINT WARNING * * *
The naga grabs you.
You stop ascending the stairs.
The naga constricts you.
* * * LOW HITPOINT WARNING * * *
The naga spits poison at you. The splash of poison misses you.
The guardian serpent coils itself and waves its upper body at you.
The bolt of poison hits you!
You are more poisoned.
* * * LOW HITPOINT WARNING * * *
Your dryad hits the guardian serpent but does no damage.
You hear a shout!
Unknown command.
Unknown command.
You escape the naga's grasp.
You feel very sick. The guardian serpent hits you!
* * * LOW HITPOINT WARNING * * *
The naga barely misses you. The naga grabs you.
You stop ascending the stairs.
The naga constricts you. The naga hits you but does no damage.
Your dryad barely misses the guardian serpent.
The guardian serpent coils itself and waves its upper body at you.
You easily resist.
The naga spits poison at you.
The splash of poison hits you but does no damage.
You are more poisoned.
The naga constricts you.
* * * LOW HITPOINT WARNING * * *
You feel better.
The guardian serpent casts a spell at you.
The bolt of poison hits you!
You are poisoned.
* * * LOW HITPOINT WARNING * * *
The naga completely misses you.
Your dryad barely misses the guardian serpent.
The naga barely misses you. The naga constricts you.
The guardian serpent barely misses you.
The naga hits you with a +0 short sword.
* * * LOW HITPOINT WARNING * * *
Your dryad closely misses the guardian serpent.
You feel better.
Your dryad disappears in a puff of smoke!
The guardian serpent hits you!
You die...

Skill      XL: |  1  2  3  4  5  6  7  8  9 10 11 12 13 14 15 16 17 |
---------------+----------------------------------------------------+-----
Stealth        | 3 4 5 6 7 9 11 12 14 15 18 | 18.0
Spellcasting   | 3 4 5 6 8 9 10 11 | 11.0
Conjurations   | 1 3 4 5 9 |  9.0
Earth Magic    | 4 5 6 8 9 11 13 | 13.0
Short Blades   | 2 3 4 6 8 |  8.0
Fighting       | 1 3 5 8 9 10 | 10.5
Transmutations | 3 4 5 6 10 11 12 | 12.0
Evocations     | 2 4 5 6 9 |  9.0
Dodging        | 4 6 |  6.0
Summonings     | 6 8 |  8.8
Hexes          | 2 |  2.9
Translocations | 3 |  3.0

Action                   |  1- 3 |  4- 6 |  7- 9 | 10-12 | 13-15 | 16-18 || total
-------------------------+-------+-------+-------+-------+-------+-------++-------
Melee: Dagger            |    28 |    22 |    54 |   222 |   301 |       ||   627
       Punch             |       |       |       |     3 |     6 |    14 ||    23
       Quick blade       |       |       |       |       |   446 |  1004 ||  1450
 Cast: Sandblast         |    43 |    60 |    82 |    16 |     1 |       ||   202
       Passwall          |     2 |    10 |    17 |    31 |    30 |    14 ||   104
       Stone Arrow       |       |       |    20 |   193 |   437 |   107 ||   757
       Petrify           |       |       |     6 |    73 |    50 |    11 ||   140
       Irradiate         |       |       |       |       |     5 |    22 ||    27
       Summon Guardian G |       |       |       |       |       |     4 ||     4
       Summon Forest     |       |       |       |       |       |     1 ||     1
Invok: Lunge             |       |       |    15 |    35 |    71 |    64 ||   185
       Whirlwind         |       |       |       |    29 |   105 |   151 ||   285
       Serpent's Lash    |       |       |       |       |     4 |     5 ||     9
       Heavenly Storm    |       |       |       |       |       |     3 ||     3
 Abil: Wall Jump         |       |       |       |       |     5 |     6 ||    11
Evoke: Lightning rod     |       |       |       |       |     4 |     4 ||     8
       Wand              |       |       |       |       |     2 |       ||     2
       Condenser vane    |       |       |       |       |     1 |       ||     1
  Use: Potion            |       |     4 |       |     3 |     5 |     6 ||    18
       Scroll            |       |     8 |     8 |    10 |    16 |     3 ||    45
 Stab: Sleeping          |     3 |     9 |    22 |    34 |    89 |    39 ||   196
       Distracted        |     1 |       |     1 |       |     1 |     3 ||     6
       Petrified         |       |       |     6 |    36 |    17 |     4 ||    63
       Petrifying        |       |       |       |    16 |    24 |    15 ||    55
       Fleeing           |       |       |       |       |       |     1 ||     1
Armor: Robe              |     8 |    24 |    23 |    43 |       |     2 ||   100
       Troll leather arm |       |       |       |    39 |   172 |   128 ||   339
Dodge: Dodged            |    22 |    29 |    79 |   255 |   525 |   293 ||  1203

Levels and vault maps discovered:
D:1:      minmay_arrival_open_corners, layout_loops_ring, kennysheep_crisscross
D:2:      layout_basic, chequers_ecumenical_altar_island
D:3:      due_chaos_kobolds, layout_loops_ring, gammafunk_ghost_split,
          serial_shops, nicolae_diamond_shop, uniq_grinder, uniq_robin
D:4:      layout_loops_ring, serial_shops, kennysheep_mini_moat,
          amethyst_killhole, uniq_crazy_yiuf_cottage
D:5:      layout_basic, minmay_temple_entry_glassed_door
D:6:      layout_cave_pods, ebering_dispersal_statue_hall, due_unseen_surprise,
          uniq_sigmund
D:7:      layout_basic, grunt_temple_overflow_open, serial_shops, shop
D:8:      layout_layer_cave, kennysheep_vampire_church, serial_shops,
          nicolae_shop_crystal, kennysheep_another_room, patterned_corridor
D:9:      layout_layer_cave, nicolae_shop_overcharged_wands, uniq_grum
D:10:     layout_loops_ring, nicolae_overflow_hidden_temple,
          kennysheep_little_box, erik_orc_2, enter_bailey_7,
          corexii_corridor_pit, minmay_misc_feat_room
D:11:     layout_loops_ring, lair_entry_dummy, uniq_lodul, uniq_gastronok
D:12:     layout_basic, serial_shops, nicolae_shop_crystal,
          mrwooster_statue_mirror, zin_angel
D:13:     layout_loops_ring, david_vaults_4, nicolae_trove_entry_free_sample
D:14:     layout_rooms, basic_altar
D:15:     grunt_enter_depths_giant_problem, layout_grid_maze,
          chequers_serial_rivers_marsh
Temple:   regret_index_temple_waves
Lair:1:   layout_cave_pods, beast_lair_carwin_10
Lair:2:   regret_index_bee_streams, layout_regular_city, serial_bayou_lagoon_a,
          serial_bayou_shore_b
Lair:3:   layout_cave_pods, minmay_swamp_entry_reptiles,
          minmay_snake_entry_guardpost_medium, uniq_urug, uniq_amaemon
Lair:4:   nzn_winding_woodlands_small [nzn_winding_woodlands_5x15_pool,
          nzn_winding_woodlands_center_diamonds,
          nzn_winding_woodlands_5x15_garden], layout_misc_corridors,
          slime_entry_2, grunt_megastairs_3
Lair:5:   hellmonk_lair_end_abyssal_woods, layout_concentric_octagons,
          kilobyte_rumbling_trees
Snake:1:  layout_misc_corridors, serial_bayou_pond_d, library_closet,
          nicolae_shop_self_help, uniq_rupert, uniq_jorgrun
Snake:2:  layout_basic, grunt_megastairs_4, lemuel_fruit_tree, uniq_aizul,
          uniq_azrael
Snake:3:  layout_onion, serial_bayou_pond_a
Orc:1:    layout_caves, serial_shops, shop
Orc:2:    st_orc_congregation, layout_diamond_mine, serial_shops, shop_statue

Notes
Turn   | Place    | Note
-------+----------+-------------------------------------------
     0 | D:1      | Sobieck the Kobold Earth Elementalist began the quest for
                  | the Orb.
     0 | D:1      | Reached XP level 1. HP: 10/10 MP: 3/3
   151 | D:1      | Reached skill level 3 in Stealth
   353 | D:1      | Reached XP level 2. HP: 15/15 MP: 3/5
   439 | D:1      | Learned a level 2 spell: Passwall
   808 | D:1      | Reached XP level 3. HP: 19/19 MP: 1/6
  1472 | D:2      | Learned a level 3 spell: Stone Arrow
  1718 | D:2      | Found a faded altar of an unknown god.
  1918 | D:2      | Reached XP level 4. HP: 24/24 MP: 6/8
  2234 | D:3      | Noticed Grinder
  2276 | D:3      | Reached skill level 4 in Stealth
  2290 | D:3      | Found Fukoc's Antique Weapon Emporium.
  2367 | D:3      | Found a runed translucent gate.
  2382 | D:3      | Noticed Robin
  2445 | D:3      | Found a runed translucent gate.
  2445 | D:3      | Found a runed translucent gate.
  2447 | D:3      | Noticed a phantom
  2632 | D:3      | Reached skill level 3 in Spellcasting
  2752 | D:3      | You add the spells Ozocubu's Armour and Ozocubu's
                  | Refrigeration to your library.
  2783 | D:3      | You pick up a book of Displacement and begin reading...
  2783 | D:3      | You add the spells Lesser Beckoning, Gell's Gravitas and
                  | Teleport Other to your library.
  2887 | D:3      | Found a large runed translucent door.
  2907 | D:3      | Found a large runed translucent door.
  3068 | D:2      | HP: 5/24 [Robin/+2 vampiric falchion (7)]
  3072 | D:2      | Killed Robin
  3343 | D:3      | Reached skill level 1 in Conjurations
  3404 | D:3      | Noticed benadryl's ghost (amateur DsEE)
  3500 | D:4      | Reached XP level 5. HP: 28/28 MP: 5/9
  3685 | D:4      | You add the spells Tukima's Dance, Passage of Golubria and
                  | Yara's Violent Unravelling to your library.
  4258 | D:4      | Found Luubres's Book Shoppe.
  4512 | D:4      | Reached skill level 5 in Stealth
  4512 | D:4      | Reached skill level 4 in Earth Magic
  4518 | D:4      | HP: 7/28 [orc wizard/magic dart (6)]
  4521 | D:4      | Reached XP level 6. HP: 8/32 MP: 4/11
  4781 | D:4      | Found a runed translucent door.
  4784 | D:4      | Noticed Crazy Yiuf
  4838 | D:5      | Entered Level 5 of the Dungeon
  4871 | D:5      | Reached skill level 2 in Conjurations
  4875 | D:5      | Identified the +1 leather armour of the Trombone {rF- rC+++
                  | Int+5}
  4884 | D:5      | Found a staircase to the Ecumenical Temple.
  4911 | Temple   | Entered the Ecumenical Temple
  5007 | Temple   | Became a worshipper of the Wu Jian Council
  5103 | D:5      | Noticed a black bear
  5142 | D:4      | Reached skill level 4 in Spellcasting
  5238 | D:4      | Reached skill level 6 in Stealth
  5238 | D:4      | Reached skill level 3 in Conjurations
  5238 | D:4      | Reached XP level 7. HP: 33/36 MP: 4/13
  5473 | D:5      | Reached skill level 4 in Conjurations
  5478 | D:5      | Learned a level 4 spell: Petrify
  5603 | D:5      | Reached skill level 1 in Short Blades
  5886 | D:5      | Reached skill level 1 in Fighting
  5886 | D:5      | Reached skill level 2 in Short Blades
  5965 | D:5      | Reached XP level 8. HP: 43/43 MP: 6/14
  6378 | D:6      | Reached skill level 3 in Short Blades
  6478 | D:6      | You fall into a shaft and drop 1 floor!
  6551 | D:7      | Reached skill level 2 in Transmutations
  6565 | D:7      | Reached skill level 2 in Fighting
  6694 | D:7      | Found Qaaff's Magic Scroll Shop.
  6721 | D:7      | Found a glowing golden altar of the Shining One.
  6813 | D:7      | Found a shimmering blue altar of Sif Muna.
  6822 | D:7      | Found a sparkling altar of Nemelex Xobeh.
  6822 | D:7      | Found a basalt altar of Yredelemnul.
  6878 | D:6      | Reached skill level 7 in Stealth
  7249 | D:6      | Reached skill level 5 in Earth Magic
  7430 | D:5      | Reached skill level 5 in Spellcasting
  7568 | D:6      | Reached skill level 3 in Fighting
  7568 | D:6      | Reached skill level 3 in Transmutations
  7768 | D:5      | Reached XP level 9. HP: 50/50 MP: 12/16
  8146 | D:6      | Reached * piety under Wu Jian
  8147 | D:6      | Reached skill level 8 in Stealth
  8157 | D:6      | Reached skill level 4 in Transmutations
  8324 | D:6      | Noticed Sigmund
  8327 | D:6      | Killed Sigmund
  8439 | D:6      | Reached skill level 6 in Earth Magic
  8482 | D:6      | Reached skill level 6 in Spellcasting
  9331 | D:7      | Reached skill level 9 in Stealth
  9833 | D:7      | Reached XP level 10. HP: 56/56 MP: 17/20
 10743 | D:8      | Reached skill level 10 in Stealth
 10743 | D:8      | Reached skill level 7 in Earth Magic
 10808 | D:8      | Reached skill level 7 in Spellcasting
 10941 | D:8      | Found Mataruog's Antique Armour Boutique.
 12451 | D:8      | Reached skill level 11 in Stealth
 12747 | D:8      | Reached ** piety under Wu Jian
 12777 | D:8      | Found an ancient bone altar of Kikubaaqudgha.
 13018 | D:9      | Reached skill level 8 in Earth Magic
 13074 | D:9      | Reached skill level 8 in Spellcasting
 13293 | D:9      | Noticed a two-headed ogre
 13300 | D:9      | Killed a two-headed ogre
 13301 | D:9      | Reached skill level 1 in Evocations
 13321 | D:8      | Reached skill level 2 in Evocations
 13395 | D:9      | Reached skill level 4 in Short Blades
 13395 | D:9      | Reached XP level 11. HP: 51/60 MP: 13/23
 14033 | D:9      | Identified the +4 spear of the Mashing Mosquito {venom,
                  | Int+7}
 14048 | D:9      | Found Xulaazuc's Overcharged Wands.
 14105 | D:9      | Noticed Grum
 14429 | D:8      | Reached skill level 3 in Evocations
 14485 | D:9      | Killed Grum
 15032 | D:10     | Entered Level 10 of the Dungeon
 15064 | D:10     | Reached skill level 5 in Transmutations
 15102 | D:10     | Found a snail-covered altar of Cheibriados.
 15241 | D:10     | Found a white marble altar of Elyvilon.
 15283 | D:10     | Reached skill level 5 in Short Blades
 15511 | D:10     | Reached skill level 9 in Earth Magic
 16274 | D:10     | Reached *** piety under Wu Jian
 16299 | D:10     | Reached skill level 12 in Stealth
 16766 | D:10     | Found a staircase to the Orcish Mines.
 16768 | D:10     | Reached skill level 4 in Evocations
 16993 | D:11     | Noticed a two-headed ogre
 16994 | D:11     | Killed a two-headed ogre
 17156 | D:11     | Found a staircase to the Lair.
 17244 | Orc:1    | Entered Level 1 of the Orcish Mines
 17425 | Orc:2    | Entered Level 2 of the Orcish Mines
 17917 | Orc:2    | Found a staircase to the Elven Halls.
 18026 | Orc:2    | Reached **** piety under Wu Jian
 18045 | Orc:2    | Noticed an orc sorcerer
 18193 | D:11     | Noticed a seven-headed hydra
 18373 | D:11     | Noticed a two-headed ogre
 18378 | D:11     | Killed a two-headed ogre
 18379 | D:11     | Reached skill level 6 in Short Blades
 18379 | D:11     | Reached skill level 9 in Spellcasting
 18499 | D:11     | You pick up a book of Displacement and begin reading...
 18517 | D:11     | Noticed Gastronok
 18768 | D:11     | Killed a seven-headed hydra
 18769 | D:11     | Reached XP level 12. HP: 64/64 MP: 17/25
 19122 | D:11     | Killed Gastronok
 19123 | D:11     | Reached skill level 6 in Transmutations
 19123 | D:11     | Reached skill level 10 in Earth Magic
 19123 | D:11     | Reached skill level 5 in Evocations
 19813 | D:11     | Noticed a boulder beetle
 19864 | D:11     | Killed a boulder beetle
 19959 | D:11     | Reached skill level 13 in Stealth
 20041 | Lair:1   | Entered Level 1 of the Lair of Beasts
 20283 | Lair:1   | Upgraded the game from 0.29.0-7-g18a832c13a to
                  | 0.29.0-10-g45618ea6d2
 20435 | Lair:1   | Reached skill level 11 in Earth Magic
 20569 | Lair:1   | Reached skill level 10 in Spellcasting
 22007 | Lair:2   | Noticed a boulder beetle
 22016 | Lair:2   | Killed a boulder beetle
 22017 | Lair:2   | Reached skill level 14 in Stealth
 22017 | Lair:2   | Reached XP level 13. HP: 68/68 MP: 23/27
 22101 | Lair:2   | You pick up a book of Scorching and begin reading...
 22101 | Lair:2   | You add the spells Scorch, Flame Wave and Summon Cactus
                  | Giant to your library.
 22286 | Lair:2   | Reached ***** piety under Wu Jian
 22295 | Lair:2   | Reached skill level 12 in Earth Magic
 23508 | Lair:2   | You pick up a book of Spatial Translocations and begin
                  | reading...
 23508 | Lair:2   | You add the spells Blink and Manifold Assault to your
                  | library.
 23908 | Lair:2   | Reached skill level 11 in Spellcasting
 24300 | Lair:2   | Reached skill level 13 in Earth Magic
 24427 | Lair:3   | Reached skill level 15 in Stealth
 24432 | Lair:3   | Noticed a seven-headed hydra
 24672 | Lair:3   | Reached skill level 3 in Dodging
 25116 | Lair:3   | Killed a seven-headed hydra
 25119 | Lair:3   | Noticed Urug
 25127 | Lair:3   | Killed Urug
 25177 | Lair:3   | Found a staircase to the Snake Pit.
 25210 | Lair:3   | Reached skill level 4 in Fighting
 25510 | Lair:3   | Reached skill level 6 in Evocations
 25510 | Lair:3   | Noticed Amaemon
 25528 | Lair:3   | Reached skill level 4 in Dodging
 25782 | Lair:3   | Found a staircase to the Swamp.
 25992 | Lair:3   | Killed Amaemon
 25994 | Lair:3   | HP: 18/72 [poisoned by Amaemon]
 25999 | Lair:2   | HP: 17/72 [poisoned by Amaemon]
 26193 | Lair:3   | Reached skill level 5 in Fighting
 26378 | Lair:3   | Reached XP level 14. HP: 78/78 MP: 23/29
 26928 | Lair:3   | HP: 19/78 [poisoned by a cane toad]
 26934 | Lair:3   | HP: 18/78 [black mamba (1)]
 26939 | Lair:3   | HP: 10/78 [poisoned by a black mamba]
 26945 | Lair:3   | HP: 9/78 [poisoned by a black mamba]
 27046 | Lair:4   | Reached skill level 7 in Evocations
 27047 | Lair:4   | Reached skill level 16 in Stealth
 27065 | Lair:4   | Reached skill level 6 in Fighting
 27463 | Lair:4   | Reached skill level 8 in Evocations
 27642 | Lair:4   | Found a runed translucent door.
 27644 | Lair:4   | Noticed an acid blob
 27646 | Lair:4   | Found a staircase to the Slime Pits.
 27646 | Lair:4   | Noticed an acid blob
 27646 | Lair:4   | Noticed an acid blob
 27650 | Lair:4   | Reached ****** piety under Wu Jian
 27859 | Lair:4   | Identified the +7 glaive of Amean {venom, Will+ rCorr Str-4
                  | Dex+2}
 27877 | Lair:4   | Reached skill level 7 in Fighting
 28461 | Lair:4   | You pick up a book of Transfigurations {@e2} and begin
                  | reading...
 28461 | Lair:4   | You add the spells Irradiate, Blade Hands and Dragon Form
                  | to your library.
 28469 | Lair:4   | Learned a level 5 spell: Irradiate
 28502 | Lair:4   | Reached skill level 17 in Stealth
 28741 | Lair:4   | Reached skill level 9 in Evocations
 28928 | Lair:5   | Entered Level 5 of the Lair of Beasts
 29510 | Orc:1    | Found Ahairuin's Book Shoppe.
 29577 | Orc:1    | Reached skill level 8 in Fighting
 30012 | Orc:2    | Noticed an orc warlord
 30058 | Orc:2    | Killed an orc warlord
 30059 | Orc:2    | Reached skill level 18 in Stealth
 31272 | Orc:2    | Reached skill level 5 in Conjurations
 31447 | Orc:2    | Reached XP level 15. HP: 87/88 MP: 30/30
 31464 | Orc:2    | Noticed an orc warlord
 31886 | Orc:2    | Reached skill level 7 in Transmutations
 32303 | Orc:2    | Found Xyusak's Armour Emporium.
 32955 | D:3      | Killed Grinder
 32959 | D:3      | Bought the +8 Vampire's Tooth {vamp} for 1500 gold pieces
 32959 | D:3      | Found the +8 Vampire's Tooth {vamp}
 33398 | Orc:2    | Reached skill level 6 in Conjurations
 33596 | Orc:2    | Found Deevoum's General Store.
 33596 | Orc:2    | Found Idasaet's Book Shop.
 33605 | Orc:2    | Found Xasoekiq's Antique Armour Boutique.
 33606 | Orc:2    | Found Oli Vicati's Antique Weapon Boutique.
 34268 | D:12     | Reached skill level 8 in Transmutations
 34555 | D:12     | Reached skill level 7 in Conjurations
 34624 | D:12     | Found a glowing silver altar of Zin.
 34624 | D:12     | Noticed an angel
 34632 | D:12     | Found Niosoc's Distillery.
 34640 | D:12     | Bought a potion of heal wounds for 60 gold pieces
 34903 | Orc:2    | Bought a scroll of teleportation for 36 gold pieces
 35257 | D:12     | You add the spells Sting, Poisonous Vapours and Olgreb's
                  | Toxic Radiance to your library.
 36239 | D:12     | Reached skill level 9 in Transmutations
 36386 | D:13     | Reached skill level 8 in Conjurations
 36399 | D:13     | Found a gate to the Vaults.
 37049 | D:13     | Found a portal to a secret trove of treasure.
 37154 | D:13     | You pick up a book of Dangerous Friends and begin
                  | reading...
 37154 | D:13     | You add the spells Summon Guardian Golem, Orb of
                  | Destruction and Spellforged Servitor to your library.
 37158 | D:13     | This trove needs +3 shadow dragon scales to function. Give
                  | it the item?
 37305 | D:14     | Identified a scroll of acquirement
 37306 | D:14     | Acquired 688 gold pieces
 37513 | Orc:2    | Bought a +1 pair of boots of flying for 231 gold pieces
 37606 | Orc:1    | Bought a book of the Wilderness for 494 gold pieces
 37606 | Orc:1    | You pick up a book of the Wilderness and begin reading...
 37606 | Orc:1    | You add the spells Summon Forest and Summon Mana Viper to
                  | your library.
 37888 | D:14     | Reached skill level 10 in Transmutations
 37890 | D:14     | Reached skill level 9 in Conjurations
 38266 | D:14     | Found a snail-covered altar of Cheibriados.
 38487 | D:15     | Entered Level 15 of the Dungeon
 38502 | D:15     | Reached XP level 16. HP: 93/93 MP: 31/31
 38567 | D:15     | Reached skill level 11 in Transmutations
 38591 | D:15     | Found a staircase to the Depths.
 38591 | D:15     | Noticed a fire giant
 38597 | D:15     | Killed a fire giant
 38884 | D:15     | Reached skill level 1 in Summonings
 38927 | D:15     | HP: 23/93 [red ugly thing (19)]
 39351 | D:15     | Reached skill level 2 in Summonings
 39594 | D:15     | Reached skill level 3 in Summonings
 39691 | D:15     | Reached skill level 5 in Dodging
 40002 | D:8      | Bought a heavily runed scale mail for 279 gold pieces
 40002 | D:8      | Identified the +5 scale mail "Feurhiq" {rPois} (You bought
                  | it in a shop on level 8 of the Dungeon)
 41192 | Lair:5   | Reached skill level 4 in Summonings
 41523 | Lair:5   | You add the spells Malign Gateway and Summon Horrible
                  | Things to your library.
 41822 | Lair:5   | Reached skill level 9 in Fighting
 41941 | Lair:5   | Reached skill level 6 in Dodging
 42163 | Lair:5   | Reached skill level 7 in Short Blades
 42402 | Lair:5   | Reached skill level 5 in Summonings
 42780 | Lair:5   | Found a corrupted altar of Lugonu.
 42783 | Lair:5   | Found a one-way gate to the infinite horrors of the Abyss.
 43138 | Snake:1  | Entered Level 1 of the Snake Pit
 43174 | Snake:1  | Reached skill level 8 in Short Blades
 43203 | Snake:1  | Reached skill level 6 in Summonings
 43368 | Snake:1  | Reached XP level 17. HP: 58/100 MP: 32/32
 43452 | Snake:1  | Found Xinudos's Self-Improvement Boutique.
 43588 | Snake:1  | Noticed Rupert
 43776 | Snake:1  | Reached skill level 12 in Transmutations
 43855 | Snake:1  | Identified a +0 robe of the Archmagi
 43855 | Snake:1  | Noticed Jorgrun
 43860 | Snake:1  | Killed Jorgrun
 44636 | Snake:1  | Reached skill level 7 in Summonings
 44970 | Snake:2  | Learned a level 3 spell: Summon Guardian Golem
 44976 | Snake:2  | Learned a level 5 spell: Summon Forest
 44990 | Snake:2  | Reached skill level 10 in Fighting
 45128 | Snake:2  | Reached skill level 1 in Hexes
 45128 | Snake:2  | Reached skill level 1 in Translocations
 45377 | Snake:2  | Noticed Aizul
 45406 | Snake:2  | HP: 2/102 [Aizul/bolt of poison (32)]
 45419 | Snake:2  | Killed Aizul
 45427 | Snake:2  | Reached skill level 8 in Summonings
 45528 | Snake:2  | Reached skill level 2 in Translocations
 45611 | Snake:2  | Reached skill level 2 in Hexes
 47280 | Snake:3  | Reached skill level 3 in Translocations
 47293 | Snake:3  | HP: 21/103 [poisoned by a guardian serpent (bolt of
                  | poison)]
 47294 | Snake:3  | HP: 6/103 [guardian serpent/bolt of poison (16)]
 47295 | Snake:3  | Slain by a guardian serpent

Vanquished Creatures
  Jorgrun (Snake:1)
  Gastronok (D:11)
  A nagaraja (Snake:2)
  A fire giant (D:15)
  An orc warlord (Orc:2)
  Aizul (Snake:2)
  A minotaur (shapeshifter) (Lair:5)
  2 fire dragons
  An ettin (Orc:1)
  A rakshasa (D:13)
  9 hydras
  A catoblepas (D:13)
  4 anacondas (Snake:2)
  4 two-headed ogres
  2 centaur warriors
  6 boulder beetles
  2 death knights (D:14)
  6 naga warriors
  A satyr (shapeshifter) (Lair:5)
  8 death yaks
  4 orc high priests (Orc:2)
  7 naga sharpshooters
  Urug (Lair:3)
  3 thrashing horrors (Lair:5)
  6 shock serpents
  5 skeletal warriors (D:15)
  Amaemon (Lair:3)
  A phantasmal warrior (D:14)
  2 naga ritualists (Snake:2)
  3 orc knights
  2 deep elf pyromancers
  5 mana vipers (Snake:2)
  2 cyclopes (D:13)
  3 manticores (D:15)
  23 ugly things
  6 orc sorcerers
  An elephant (Lair:2)
  8 salamanders
  2 guardian serpents (Snake:1)
  12 black mambas
  3 naga magi
  A smoke demon (Lair:5)
  13 cane toads
  2 torpor snails
  An orange demon (Lair:3)
  3 rime drakes
  3 freezing wraiths (D:14)
  An ancient zyme (Lair:5)
  11 komodo dragons
  An efreet (D:13)
  7 trolls
  A queen bee (Lair:2)
  3 polar bears
  A hornet (D:8)
  A wind drake (shapeshifter) (Lair:5)
  28 blink frogs
  Grinder (D:3)
  A blink frog (shapeshifter) (Lair:5)
  8 slime creatures
  11 small abominations (Lair:5)
  Sigmund (D:6)
  A spriggan (shapeshifter) (Lair:5)
  A shadow (D:13)
  4 water elementals (D:12)
  2 ynoxinuls (Lair:5)
  2 spriggans (Lair:5)
  A wraith (D:10)
  5 wyverns
  2 chaos spawn (Lair:5)
  Grum (D:9)
  15 basilisks
  53 yaks
  13 vampire mosquitoes
  3 steam dragons
  2 wargs
  21 nagas
  3 acid dragons
  13 water moccasins
  2 sky beasts
  A swamp drake (Lair:3)
  36 orc warriors
  5 black bears
  9 ogres
  4 boggarts (Lair:5)
  20 wolves
  8 centaurs
  2 kobold brigands
  2 necrophages (D:5)
  3 gnoll sergeants
  A scorpion (D:6)
  13 bullfrogs
  13 wights
  26 killer bees (Lair:2)
  9 electric eels
  2 howler monkeys
  A vampire bat (D:8)
  3 jellies
  25 orc priests
  4 hounds
  3 iguanas
  37 orc wizards
  Robin (D:2)
  16 gnolls
  5 adders
  2 shadow imps (D:7)
  2 white imps
  2 ufetubi
  2 dart slugs
  82 orcs
  6 ball pythons
  2 bat skeletons (D:8)
  4 bat zombies (D:8)
  7 endoplasms
  7 giant cockroaches
  16 goblins
  5 hobgoblins
  4 jackals
  16 kobolds
  6 quokkas
  4 bats
  3 frilled lizards
  3 rats
819 creatures vanquished.

Vanquished Creatures (others)
  A mana viper (Snake:2)
  23 fungi
  75 plants
99 creatures vanquished.

Grand Total: 918 creatures vanquished

Table legend:
 A = Non-vault XP
 B = Vault XP
 C = Vault XP percentage of total XP
 D = Non-vault monster count
 E = Vault monster count
 F = Vault count percentage of total count
                 A         B        C        D         E       F
            +---------+---------+-------+---------+---------+-------
      Total |  128813 |   55585 |  30.1 |     558 |     262 |  32.0
            +---------+---------+-------+---------+---------+-------
        D:1 |      45 |       0 |   0.0 |      23 |       0 |   0.0
        D:2 |      24 |      16 |  40.0 |      14 |       1 |   6.7
        D:3 |      13 |     279 |  95.5 |       9 |      10 |  52.6
        D:4 |     277 |       0 |   0.0 |      18 |       0 |   0.0
        D:5 |     954 |       0 |   0.0 |      23 |       0 |   0.0
        D:6 |    1247 |     228 |  15.5 |      22 |       2 |   8.3
        D:7 |    1578 |       0 |   0.0 |      26 |       0 |   0.0
        D:8 |    2464 |     417 |  14.5 |      33 |      10 |  23.3
        D:9 |    2222 |     323 |  12.7 |      18 |       2 |  10.0
       D:10 |    1951 |     813 |  29.4 |      18 |      25 |  58.1
       D:11 |    5003 |    2001 |  28.6 |      17 |       5 |  22.7
       D:12 |    9757 |       0 |   0.0 |      32 |       0 |   0.0
       D:13 |    6404 |    2089 |  24.6 |      15 |       3 |  16.7
       D:14 |    9260 |       0 |   0.0 |      23 |       0 |   0.0
       D:15 |   14483 |    1275 |   8.1 |      24 |       1 |   4.0
     Lair:1 |    4129 |    2260 |  35.4 |      19 |       8 |  29.6
     Lair:2 |    2475 |    6546 |  72.6 |       9 |      49 |  84.5
     Lair:3 |    9219 |    7060 |  43.4 |      40 |      19 |  32.2
     Lair:4 |   12500 |    2151 |  14.7 |      36 |       5 |  12.2
     Lair:5 |    5649 |   13629 |  70.7 |      17 |      49 |  74.2
    Snake:1 |   12194 |    1913 |  13.6 |      27 |       1 |   3.6
    Snake:2 |   19891 |    4596 |  18.8 |      35 |       5 |  12.5
    Snake:3 |     484 |       0 |   0.0 |       1 |       0 |   0.0
      Orc:1 |    2626 |     656 |  20.0 |      16 |       1 |   5.9
      Orc:2 |    3964 |    9333 |  70.2 |      43 |      66 |  60.6
            +---------+---------+-------+---------+---------+-------

Illustrated notes

Table legend:
 A = Kills in this place as a percentage of kills in entire the game.
 B = Kills by you in this place as a percentage of kills by you in the entire game.
 C = Kills by friends in this place as a percentage of kills by friends in the entire game.
 D = Other kills in this place as a percentage of other kills in the entire game.
 E = Experience gained in this place as a percentage of experience gained in the entire game.
 F = Experience gained in this place divided by the number of levels of this place that you have seen.
                   A       B       C       D       E      F
               +-------+-------+-------+-------+-------+----------------------
         Total | 100.0 | 100.0 |   N/A | 100.0 | 100.0 | 7092.2
       Dungeon |  45.6 |  45.7 |   N/A |   0.0 |  34.2 | 4208.2
          Lair |  30.6 |  30.6 |   N/A |   0.0 |  35.6 | 13123.6
     Snake Pit |   8.4 |   8.3 |   N/A | 100.0 |  21.2 | 13026.0
  Orcish Mines |  15.4 |  15.4 |   N/A |   0.0 |   9.0 | 8289.5
               +-------+-------+-------+-------+-------+----------------------

Table legend: (Time is in decaauts)
 A = Elapsed time spent in this place.
 B = Non-inter-level travel time spent in this place.
 C = Inter-level travel time spent in this place.
 D = Time resting spent in this place.
 E = Time spent auto-exploring this place.
 F = Levels seen in this place.
 G = Mean time per level.
                   A        B        C        D        E       F      G
               +--------+--------+--------+--------+--------+-----+--------+
         Total |  47014 |  42743 |   4271 |  13080 |  13492 |  26 | 1808.2 |
       Dungeon |  25895 |  23013 |   2882 |   6169 |   9231 |  15 | 1726.3 |
        Temple |    124 |     97 |     27 |      0 |     80 |   1 |  124.0 |
          Lair |  12400 |  11842 |    558 |   4336 |   2624 |   5 | 2480.0 |
     Snake Pit |   3597 |   3396 |    201 |    868 |    719 |   3 | 1199.0 |
  Orcish Mines |   4996 |   4396 |    600 |   1706 |    837 |   2 | 2498.0 |
               +--------+--------+--------+--------+--------+-----+--------+

Top non-repeatable levels by time:
   Orc:2: 4114 daAuts
  Lair:3: 3680 daAuts
     D:8: 3655 daAuts
    D:10: 3034 daAuts
  Lair:2: 2743 daAuts
  Lair:5: 2355 daAuts
 Snake:2: 2324 daAuts
     D:5: 2162 daAuts
    D:11: 2034 daAuts
  Lair:1: 1906 daAuts
     D:7: 1807 daAuts
  Lair:4: 1714 daAuts
    D:12: 1647 daAuts
     D:4: 1609 daAuts
    D:15: 1505 daAuts
